 Dungeon Crawl Stone Soup version 0.25.1-11-g244df3a29b (webtiles) character file.

Game seed: 14245852017154834155

20302 Iago the Severer (level 12, -4/107 HPs)
             Began as a Minotaur Fighter on Jan 21, 2023.
             Was an Elder of the Shining One.
             Engulfed by a fire crab's flame (13 damage)
             ... on level 4 of the Lair of Beasts on Jan 26, 2023.
             The game lasted 01:04:40 (13169 turns).

Iago the Severer (Minotaur Fighter)                Turns: 13169, Time: 01:04:40

Health: -4/107     AC: 20    Str: 25    XL:     12   Next: 44%
Magic:  15/15      EV: 12    Int:  5    God:    the Shining One [****..]
Gold:   638        SH: 12    Dex: 11    Spells: 11/11 levels left

rFire    . . .     SeeInvis .   a - +1 war axe
rCold    . . .     Gourm    .   u - +0 kite shield
rNeg     + + .     Faith    .   q - +0 plate armour
rPois    .         Spirit   .   (helmet restricted)
rElec    .         Reflect  .   l - +0 cloak
rCorr    .         Harm     .   (no gloves)
MR       .....                  (no boots)
Stlth    ..........             (no amulet)
HPRegen  0.27/turn              x - +4 ring of protection
MPRegen  0.14/turn              t - +4 ring of evasion

@: lethally poisoned (-4 -> -4), glowing
A: retaliatory headbutt, horns 2
a: Divine Shield, Cleansing Flame, Renounce Religion


You were on level 4 of the Lair of Beasts.
You worshipped the Shining One.
The Shining One was greatly pleased with you.
You were not hungry.

You visited 4 branches of the dungeon, and saw 16 of its levels.

You collected 638 gold pieces.

Inventory:

Hand Weapons
 a - a +1 war axe (weapon)
 b - a +1 flail of holy wrath
 c - a +0 hunting sling
Missiles
 g - 3 throwing nets
 h - 339 stones
 s - 22 boomerangs
 B - 55 poisoned darts (quivered)
 F - 3 atropa-tipped darts
 O - 59 sling bullets
Armour
 l - a +0 cloak (worn)
 q - a +0 plate armour (worn)
 u - a +0 kite shield (worn)
Jewellery
 o - an uncursed ring of ice
 t - a +4 ring of evasion (right hand)
 w - an uncursed ring of resist corrosion
 x - a +4 ring of protection (left hand)
 I - an uncursed ring of fire
 P - an uncursed ring of poison resistance
 Q - an uncursed ring of ice
 T - an uncursed ring of flight
Wands
 A - a wand of polymorph (4)
 E - a wand of disintegration (8)
 H - a wand of paralysis (4)
Scrolls
 e - 3 scrolls of fog
 n - 4 scrolls of teleportation
 p - 9 scrolls of identify
 r - 2 scrolls of magic mapping
 v - 2 scrolls of enchant weapon
 y - 8 scrolls of remove curse
 z - a scroll of fear {unknown}
 K - a scroll of enchant armour {unknown}
 L - 3 scrolls of immolation {unknown}
 N - a scroll of amnesia {unknown}
 R - a scroll of acquirement {unknown}
 S - a scroll of brand weapon {unknown}
Potions
 d - a potion of might
 i - 2 potions of haste {unknown}
 j - 4 potions of heal wounds {unknown}
 k - 8 potions of curing {unknown}
 m - 3 potions of magic {unknown}
 C - a potion of flight {unknown}
 D - a potion of mutation {unknown}
 G - 3 potions of degeneration {unknown}
 J - 2 potions of berserk rage {unknown}
 M - 3 potions of brilliance {unknown}
Comestibles
 f - 19 rations


   Skills:
 * Level 10.4 Fighting
 * Level 15.5 Axes
 - Level 0.2 Slings
 * Level 10.1 Armour
 * Level 3.8 Dodging
 - Level 0.1 Stealth
 * Level 9.8 Shields
 * Level 6.3 Invocations
 * Level 2.9 Evocations


You had 11 spell levels left.
You didn't know any spells.
Your spell library contained the following spells:

 Spells                   Type           Power        Failure   Level  Hunger
 Infusion                 Chrm           #...         100%        1    ##.....
 Shroud of Golubria       Chrm/Tloc      #.....       100%        2    ###....
 Song of Slaying          Chrm           #.......     100%        2    ###....
 Ozocubu's Armour         Chrm/Ice       #.......     100%        3    ####...
 Spectral Weapon          Hex/Chrm       #.......     100%        3    ####...
 Static Discharge         Conj/Air       #.......     100%        3    ####...
 Cause Fear               Hex            #.........   100%        4    #####..
 Leda's Liquefaction      Hex/Erth       #.........   100%        4    #####..
 Bolt of Magma            Conj/Fire/Erth #.........   100%        5    ######.
 Lightning Bolt           Conj/Air       #.........   100%        5    ######.
 Silence                  Hex/Air        #.........   100%        5    ######.
 Yara's Violent Unravell  Hex/Tmut       #.........   100%        5    ######.
 Iron Shot                Conj/Erth      #.........   100%        6    #######
 Statue Form              Tmut/Erth      #........    100%        6    #######
 Discord                  Hex            #.........   100%        8    #######
 Ignition                 Fire           #.........   100%        8    #######
 Shatter                  Erth           #.........   100%        9    #######
 Tornado                  Air            #.........   100%        9    #######


Dungeon Overview and Level Annotations

Branches:
Dungeon (10/15)            Temple (1/1) D:7            Lair (4/6) D:10
 Shoals (0/4) Lair:4        Snake (0/4) Lair:2          Orc (1/2) D:9

Altars:
Ashenzari
Cheibriados
Dithmenos
Elyvilon
Fedhas
Gozag
Hepliaklqana
Kikubaaqudgha
Makhleb
Nemelex Xobeh
Okawaru
Qazlal
Ru
Sif Muna
Uskayaw
Vehumet
Wu Jian
Xom
Yredelemnul
Zin
The Shining One

Shops:
D:5 %

Annotations:
D:5 5 runed translucent doors
Orc:1 Snorg


Innate Abilities, Weirdness & Mutations

You reflexively headbutt those who attack you in melee.
You have a pair of horns on your head.


Message History

You hit the fire crab. You headbutt the fire crab.
The fire crab is heavily wounded.
You feel sick. The fire crab breathes flames at you.
The blast of flame misses you.
You slice the fire crab!! Your headbutt misses the fire crab.
The fire crab is severely wounded.
You are engulfed in blazing flames.
The fire crab bites you!
* * * LOW HITPOINT WARNING * * *
You are engulfed in flames!
* * * LOW HITPOINT WARNING * * *
You block the fire crab's attack.
Press: ? - help, v - describe, . - travel
Here: a fire crab (flame, severely wounded, haloed)
The floor.
Aiming: Paralyse
Press: ? - help, Shift-Dir - straight line, f - fire crab
Aim: a fire crab (flame, severely wounded, haloed, chance to defeat MR: 37%)
The fire crab easily resists.
You are engulfed in blazing flames.
You die...

**,,,,,,,.#*,##,,,*,,,,**
******
***,,,,...P.##.,****,*,,* *
*,,,,.....#..,* ***,,#*
****,,,........## *###,..**
*,**,,,,......#.###..#...,*
,,,,,,,,,........#......,**
,,,,,,,,***#...°.......),*
*.#*,*,,* *#P.t°°.#*,*,**
.#.##**** #..°@°##*****
*....#* ###..°°°.#,*,***
,#....#####÷.............**
**##..........#.....#....,*
*#.......P#####.......#.,***
##..#....### **##......#,,,,**
.#.,##..#.# **,*#..##....*,,,*
..#**#...####..*...#*#P..*,,,*
..* ##........,.>..,*##.<,,,*


You could see a fire crab.

Vanquished Creatures
  Fannar (Lair:3)
  2 two-headed ogres
  Pikel (D:4)
  3 black mambas
  8 spiny frogs
  3 komodo dragons
  13 blink frogs
  A raiju (D:7)
  Grinder (D:3)
  3 hippogriffs
  A wraith (D:10)
  2 basilisks
  16 yaks
  2 steam dragons
  4 nagas (Lair:2)
  Menkaure (D:7)
  A soldier ant (D:6)
  Duvessa (D:5)
  7 porcupines
  8 water moccasins
  A black bear (D:7)
  A sky beast (D:8)
  A necrophage (D:6)
  2 ice beasts
  3 slaves (D:4)
  6 phantoms
  A wolf (D:10)
  4 ogres
  3 centaurs
  8 crocodiles
  Blork the orc (D:5)
  10 bullfrogs
  A gnoll sergeant (D:5)
  Dowan (D:5)
  3 scorpions
  8 killer bees (D:9)
  An electric eel (D:10)
  2 howler monkeys (D:10)
  2 crimson imps
  A bullfrog zombie (D:5)
  2 centaur zombies
  A quasit (D:8)
  A jelly (D:7)
  5 hounds
  A centaur skeleton (D:7)
  4 orc priests
  Crazy Yiuf (D:2)
  2 bullfrog skeletons
  Ijyb (D:5)
  Terence (D:2)
  4 orc wizards
  An iguana (D:7)
  7 worker ants
  A hound skeleton (D:10)
  A worker ant zombie (D:8)
  9 gnolls
  Robin (D:2)
  A howler monkey skeleton (D:10)
  2 howler monkey zombies
  12 adders
  2 shadow imps
  2 adder skeletons
  4 worms
  A leopard gecko (D:6)
  24 orcs
  2 ball pythons
  12 bats
  3 giant cockroaches
  8 goblins
  7 hobgoblins
  7 jackals
  A quokka (D:6)
  6 frilled lizards
  11 kobolds
  A leopard gecko skeleton (D:6)
  A leopard gecko zombie (D:5)
  2 quokka zombies (D:6)
  5 rats
  A fungus (Lair:3)
297 creatures vanquished.

Vanquished Creatures (others)
  2 fungi (Lair:2)
2 creatures vanquished.

Grand Total: 299 creatures vanquished

Notes
Turn   | Place    | Note
-------+----------+-------------------------------------------
     0 | D:1      | Iago the Minotaur Fighter began the quest for the Orb.
     0 | D:1      | Reached XP level 1. HP: 19/19 MP: 0/0
   208 | D:1      | Reached XP level 2. HP: 27/27 MP: 1/1
   795 | D:1      | d:1
   898 | D:2      | Found a blossoming altar of Fedhas.
   898 | D:2      | Found a shadowy altar of Dithmenos.
   902 | D:2      | Found a sparkling altar of Nemelex Xobeh.
   965 | D:2      | Noticed Robin
   978 | D:1      | Reached skill level 3 in Axes
   978 | D:1      | Reached XP level 3. HP: 30/33 MP: 2/2
  1223 | D:2      | Killed Robin
  1270 | D:2      | Noticed Terence
  1283 | D:2      | Killed Terence
  1283 | D:2      | Reached XP level 4. HP: 32/40 MP: 3/3
  1310 | D:2      | Reached skill level 1 in Dodging
  1681 | D:2      | Reached skill level 4 in Axes
  1893 | D:2      | Reached XP level 5. HP: 47/47 MP: 4/4
  2016 | D:2      | Found a burning altar of Makhleb.
  2297 | D:2      | Found a runed translucent door.
  2298 | D:2      | Noticed Crazy Yiuf
  2304 | D:2      | Killed Crazy Yiuf
  2805 | D:3      | Found an iron altar of Okawaru.
  2862 | D:3      | Noticed Grinder
  2868 | D:3      | Killed Grinder
  2868 | D:3      | Reached skill level 5 in Fighting
  2868 | D:3      | Reached skill level 5 in Axes
  2868 | D:3      | Reached skill level 5 in Armour
  2868 | D:3      | Reached skill level 5 in Shields
  2868 | D:3      | Reached XP level 6. HP: 54/56 MP: 5/5
  2924 | D:3      | Found a glowing golden altar of the Shining One.
  2937 | D:3      | Became a worshipper of the Shining One
  3111 | D:3      | Found an ornate altar of the Wu Jian Council.
  3112 | D:3      | Found an opulent altar of Gozag.
  3485 | D:4      | Found a shattered altar of Ashenzari.
  3542 | D:4      | Reached XP level 7. HP: 61/61 MP: 6/6
  3562 | D:4      | Found an opulent altar of Gozag.
  3588 | D:4      | Reached skill level 6 in Axes
  3863 | D:5      | Entered Level 5 of the Dungeon
  3866 | D:5      | Noticed Ijyb
  3868 | D:5      | Noticed Dowan
  3870 | D:5      | Noticed Duvessa
  3872 | D:5      | Killed Ijyb
  3885 | D:5      | Killed Duvessa
  3885 | D:5      | Reached skill level 1 in Invocations
  3902 | D:5      | Killed Dowan
  4254 | D:4      | Reached skill level 7 in Axes
  4352 | D:5      | Reached XP level 8. HP: 54/70 MP: 8/8
  4533 | D:5      | Noticed Pikel
  4565 | D:4      | Killed Pikel
  4565 | D:4      | Reached skill level 8 in Axes
  4610 | D:5      | Noticed Blork the orc
  4619 | D:5      | Killed Blork the orc
  4666 | D:5      | Found the +9 staff of Olgreb {rPois∞}
  4669 | D:5      | Reached * piety under the Shining One
  4674 | D:5      | Found a runed translucent gate.
  4674 | D:5      | Found a runed translucent gate.
  4675 | D:5      | Found a runed translucent door.
  4694 | D:5      | Found a runed translucent gate.
  4697 | D:5      | Found a runed translucent door.
  4710 | D:5      | Reached skill level 9 in Axes
  4821 | D:5      | Found Butak's Food Boutique.
  5067 | D:6      | Reached XP level 9. HP: 58/78 MP: 10/10
  5085 | D:6      | Reached ** piety under the Shining One
  5492 | D:6      | Found a shimmering altar of Xom.
  5525 | D:6      | Reached skill level 10 in Axes
  5823 | D:7      | Noticed Menkaure
  5831 | D:7      | Killed Menkaure
  6253 | D:7      | Found a staircase to the Ecumenical Temple.
  6600 | D:7      | Reached skill level 11 in Axes
  6637 | Temple   | Entered the Ecumenical Temple
  7626 | D:8      | Noticed a two-headed ogre
  7645 | D:8      | Killed a two-headed ogre
  7645 | D:8      | Reached XP level 10. HP: 69/88 MP: 10/12
  7772 | D:8      | Found a sacrificial altar of Ru.
  7987 | D:8      | Reached *** piety under the Shining One
  8025 | D:8      | Found a basalt altar of Yredelemnul.
  8134 | D:9      | Reached skill level 12 in Axes
  8227 | D:9      | Found a staircase to the Orcish Mines.
  8318 | D:9      | Found a shimmering blue altar of Sif Muna.
  8623 | D:9      | Noticed a two-headed ogre
  8633 | D:9      | Killed a two-headed ogre
  8767 | Orc:1    | Entered Level 1 of the Orcish Mines
  8799 | Orc:1    | Noticed Snorg
  9109 | D:10     | Entered Level 10 of the Dungeon
  9203 | D:10     | Reached skill level 13 in Axes
  9404 | D:10     | Found a staircase to the Lair.
  9637 | Lair:1   | Entered Level 1 of the Lair of Beasts
  9637 | Lair:1   | Reached **** piety under the Shining One
  9775 | Lair:1   | Noticed a spiny frog
  9781 | Lair:1   | Reached XP level 11. HP: 95/95 MP: 13/13
  9787 | Lair:1   | Reached skill level 5 in Invocations
 10033 | Lair:1   | Reached skill level 14 in Axes
 10690 | Lair:1   | Reached skill level 1 in Evocations
 11518 | Lair:2   | Reached XP level 12. HP: 106/106 MP: 15/15
 11710 | Lair:2   | Reached skill level 10 in Fighting
 11711 | Lair:2   | Reached skill level 15 in Axes
 11856 | Lair:2   | Found a staircase to the Snake Pit.
 12377 | Lair:3   | Noticed Fannar
 12396 | Lair:3   | Killed Fannar
 12837 | Lair:3   | Reached skill level 10 in Armour
 13169 | Lair:4   | Engulfed by a fire crab's flame

Illustrated notes

#............#
#....#..
######.......#
#....##. ##.#######
#....##. #....#...#
#....##.
#........#####....##.
#....................
#......#######....###
#......# ######
#...@..# #......#
#....### #....#
######


Turn 795 on D:1: d:1

Levels and vault maps discovered:
D:1:      zelgadis_glass_arrival_large, layout_basic
D:2:      layout_loops_cross, nicolae_overflow_hidden_temple,
          makhleb_blood_cavern_becter, minitemple, uniq_robin,
          uniq_crazy_yiuf_cottage, uniq_terence
D:3:      layout_basic, okawaru_gym_becter, nicolae_tso_carved_into_rock,
          gammafunk_temple_overflow_statue, first_ration, uniq_grinder
D:4:      layout_gridville, ashenzari_conservatory_becter,
          grunt_gozag_breadcrumbs
D:5:      layout_rooms, serial_shops, nicolae_shop_statue_plus, serial_rivers,
          chequers_serial_rivers_micro_c, chequers_serial_rivers_room_b,
          chequers_serial_rivers_micro_a, chequers_serial_rivers_marsh,
          chequers_serial_rivers_small_3, minmay_guarded_unrand_staff_of_olgreb,
          uniq_ijyb, uniq_pikel, uniq_duvessa, uniq_blork_the_orc
D:6:      layout_rooms, xom_butterflies, minivault_5
D:7:      layout_basic, minmay_temple_entry_sparse_star, serial_rivers,
          chequers_serial_rivers_small_b, chequers_serial_rivers_micro_d,
          chequers_serial_rivers_small_a, chequers_serial_rivers_small_b,
          chequers_serial_rivers_small_3, uniq_menkaure
D:8:      layout_loops_ring, nicolae_ru_the_path_less_chosen,
          kennysheep_little_box
D:9:      layout_roguey, david_orc_2, basic_altar
D:10:     layout_stronghold, erik_lair_island, blue_anna_alchemist
          [blue_anna_fruit_fields, blue_anna_fruit_fields]
Temple:   compressed_dpeg_triangle_lava_temple
Lair:1:   layout_cave_shapes, minivault_19, grunt_megastairs_2,
          serial_bayou_shore_b
Lair:2:   layout_hall_layers, minmay_snake_entry_guardpost_small,
          grunt_megastairs_1, infiniplex_staircase_pool_2, serial_bayou_shore_b
Lair:3:   layout_misc_corridors, uniq_fannar
Lair:4:   layout_layer_cave, elwin_shoals_entry_rocks,
          nicolae_volcano_entry_hallway
Orc:1:    layout_caves, serial_shops, nicolae_shop_statue_plus, uniq_snorg

Skill      XL: |  1  2  3  4  5  6  7  8  9 10 11 12 |
---------------+-------------------------------------+-----
Armour         | 4 5 6 7 8 9 10 | 10.1
Fighting       | 4 5 6 7 8 9 10 | 10.4
Axes           | 3 4 5 7 9 11 13 14 15 | 15.5
Shields        | 4 5 6 7 8 9 |  9.8
Dodging        | 1 2 3 |  3.8
Invocations    | 1 2 4 5 6 |  6.3
Evocations     | 2 |  2.9
Slings         | |  0.2
Stealth        | |  0.1

Action                   |  1- 3 |  4- 6 |  7- 9 | 10-12 || total
-------------------------+-------+-------+-------+-------++-------
Melee: War axe           |    81 |   143 |   214 |   434 ||   872
       Headbutt          |    13 |    17 |    40 |    88 ||   158
       Unarmed           |       |       |     3 |       ||     3
       Flail             |       |       |       |     5 ||     5
 Fire: Hunting sling     |     3 |       |       |       ||     3
Throw: Dart              |       |       |     2 |     2 ||     4
Evoke: Wand              |       |       |     9 |     1 ||    10
  Use: Scroll            |       |     3 |       |     3 ||     6
       Potion            |       |       |       |     1 ||     1
  Eat: Chunk             |     1 |     8 |    12 |    18 ||    39
Armor: Scale mail        |    47 |    33 |       |       ||    80
       Plate armour      |       |    60 |   112 |   166 ||   338
       Skin              |       |       |     1 |       ||     1
Dodge: Dodged            |    23 |    53 |    60 |   154 ||   290
Block: Kite shield       |    51 |    86 |    98 |   243 ||   478
